 Dungeon Crawl Stone Soup version 0.29.1-15-g9cfb28693d (webtiles) character file.

Game seed: 14919384442133707199

6 Barneous the Sneak (level 2, -2/21 HPs)
             Began as a Human Wanderer on Mar 13, 2023.
             Slain by a kobold
             ... wielding a +0 short sword
              (3 damage)
             ... on level 1 of the Dungeon.
             The game lasted 00:01:16 (212 turns).

Barneous the Sneak (Human Wanderer)                  Turns: 212, Time: 00:01:18

Health: -2/21      AC:  3    Str:  9    XL:     2   Next: 0%
Magic:  4/6        EV: 12    Int: 11    God:
Gold:   0          SH:  0    Dex: 16    Spells: 6/7 levels left

rFire   + . .      SeeInvis .   a - +0 sling
rCold   + . .      Faith    .   (no shield)
rNeg    . . .      Spirit   .   d - +0 robe
rPois   .          Reflect  .   b - +0 helmet
rElec   .          Harm     .   (no cloak)
rCorr   .          Rampage  .   (no gloves)
Will    .....                   (no boots)
Stlth   ++........              (no amulet)
HPRegen 0.07/turn               (no ring)
MPRegen 0.10/turn               (no ring)

@: very slightly contaminated
A: cold resistance 1, fire resistance 1
a: no special abilities


You were on level 1 of the Dungeon.
You visited 1 branch of the dungeon, and saw 1 of its levels.

Inventory:

Hand Weapons
 a - a +0 sling (weapon)
Armour
 b - a +0 helmet (worn)
 d - a +0 robe (worn)


   Skills:
 + Level 1.1 Fighting
 + Level 1.1 Ranged Weapons
 + Level 1.1 Dodging
 + Level 3.1 Stealth
 + Level 3.0 Spellcasting


You had 6 spell levels left.
You knew the following spells:

 Your Spells              Type           Power      Damage    Failure   Level
a - Necrotise             Necr           4%         1d4       26%         1

Your spell library contained the following spells:

 Spells                   Type           Power      Damage    Failure   Level
 Passwall                 Tmut/Erth      0%         N/A       36%         2
 Confusing Touch          Hex            1%         N/A       61%         3
 Summon Guardian Golem    Hex/Summ       1%         N/A       61%         3
 Vampiric Draining        Necr           1%         2d6       61%         3
 Yara's Violent Unravell  Hex/Tmut       0%         3d3       100%        5
 Enfeeble                 Hex            0%         N/A       100%        7


Dungeon Overview and Level Annotations

Branches:
Dungeon (1/15)

Altars:


Innate Abilities, Weirdness & Mutations

Your flesh is cold resistant. (rC+)
Your flesh is heat resistant. (rF+)


Message History

The kobold hits you with a +0 short sword.
* * * LOW HITPOINT WARNING * * *
The frilled lizard closely misses you. The ball python barely misses you.
The ball python constricts you.
You escape the ball python's grasp.
The frilled lizard attacks as you move away!
The frilled lizard barely misses you. The kobold attacks as you move away!
The kobold hits you with a +0 short sword.
* * * LOW HITPOINT WARNING * * *
The kobold attacks as you move away! The kobold closely misses you.
The frilled lizard attacks as you move away!
The frilled lizard misses you. The ball python bites you.
* * * LOW HITPOINT WARNING * * *
The ball python misses you.
The ball python attacks as you move away!
The ball python bites you but does no damage.
The ball python barely misses you.
The frilled lizard unfolds its giant frill.
The ball python attacks as you move away!
The ball python closely misses you.
The ball python attacks as you move away!
The ball python bites you but does no damage. x2
The ball python completely misses you.
The ball python attacks as you move away!
The ball python misses you. The ball python closely misses you.
The kobold attacks as you move away!
The kobold hits you with a +0 short sword.
* * * LOW HITPOINT WARNING * * *
Really attack while wielding your +0 sling? [Y]es or [N]o only, please.
Really attack while wielding your +0 sling?
Okay, then.
There are monsters nearby!
There are monsters nearby!
Aiming: Necrotise (safe; 26% risk of failure)
Press: ? - help, Q - select action, (/) - cycle Shift-Dir - straight line, f/p - ball python
Aim: a ball python (moderately wounded, chance to affect: 53%)
You miscast Necrotise.
Nothing appears to happen.
The kobold hits you with a +0 short sword.
You die...

........+.####
........#....# ..
######........### ...
.?...#........'.### ....
.....#........#...##....
.....#........##......
.....#........##...#..#
.....#........##...#..##
...............K@.......
......).).....lS........
.....#........##...##.#.
#+####........##...# #
####+.........##.#.
+..............
#..............
#....†.#.......
#......#......#


You could see a ball python, a kobold and a frilled lizard.

Vanquished Creatures
  A ball python (D:1)
  A hobgoblin (D:1)
  2 kobolds (D:1)
  A frilled lizard (D:1)
5 creatures vanquished.

Notes
Turn   | Place    | Note
-------+----------+-------------------------------------------
     0 | D:1      | Barneous the Human Wanderer began the quest for the Orb.
     0 | D:1      | Barneous set off with the following items: a +0 sling, a +0
                  | helmet, a potion of mutation, a +0 robe; and the following
                  | spell memorised: Necrotise; and the following spells
                  | available to memorise: Passwall, Summon Guardian Golem,
                  | Vampiric Draining.
     0 | D:1      | Reached XP level 1. HP: 15/15 MP: 4/4
    25 | D:1      | Gained mutation: Your flesh is heat resistant. (rF+)
                  | [potion of mutation]
    25 | D:1      | Gained mutation: Your flesh is cold resistant. (rC+)
                  | [potion of mutation]
   200 | D:1      | Reached XP level 2. HP: 11/21 MP: 6/6
   211 | D:1      | HP: 1/21 [kobold/+0 short sword (1)]
   212 | D:1      | Slain by a kobold

Illustrated notes

Levels and vault maps discovered:
D:1:      shiori_shiawase, layout_basic, chequers_garden

Action                   || total
-------------------------++-------
 Fire: Sling             ||    25
  Use: Potion            ||     1
Armor: Robe              ||    10
Dodge: Dodged            ||    25
